 Dungeon Crawl Stone Soup version 0.17.1-3-g152610e (webtiles) character file.

29 Gargoyl the Skirmisher (level 3, 0/29 HPs)
             Began as a Demonspawn Abyssal Knight on Mar 24, 2016.
             Was a Follower of Lugonu.
             Slain by an adder (1 damage)
             ... on level 2 of the Dungeon.
             The game lasted 00:02:41 (1075 turns).

Gargoyl the Skirmisher (Demonspawn Abyssal Knight)  Turns: 1075, Time: 00:02:41

Health: 0/29       AC:  5    Str: 13      XL:     3   Next: 1%
Magic:  5/5        EV: 10    Int: 13      God:    Lugonu [*.....]
Gold:   82         SH:  0    Dex:  8 (12) Spells: 0 memorised, 2 levels left

rFire  . . .     SeeInvis .     a - +1 hand axe
rCold  . . .     Clarity  .     g - +0 ring mail
rNeg   . . .     SustAt   .     (no shield)
rPois  .         Gourm    .     (helmet restricted)
rElec  .         Spirit   .     (no cloak)
rCorr  .         Warding  .     (no gloves)
rMut   .         Stasis   .     (no boots)
MR     .....                    (no amulet)
Stlth  ..........               (no ring)
                                (no ring)

@: lethally poisoned (0 -> -2), not resistant to hostile enchantments, extremely
unstealthy
A: antennae 2
a: Depart the Abyss, Renounce Religion


You were on level 2 of the Dungeon.
You worshipped Lugonu.
Lugonu was aware of your devotion.
You were hungry.

You visited 1 branch of the dungeon, and saw 2 of its levels.
You visited the Abyss 1 time.

You collected 82 gold pieces.

Inventory:

Hand Weapons
 a - a +1 hand axe (weapon)
Missiles
 e - 5 silver javelins (quivered)
Armour
 g - a +0 ring mail (worn)
Scrolls
 b - a scroll of identify {unknown}
 d - a scroll of blinking {unknown}
Potions
 f - a potion of degeneration
Comestibles
 c - 2 bread rations
 h - a slice of pizza


   Skills:
 + Level 3.3 Fighting
 + Level 2.0 Axes
 + Level 2.1 Armour
 + Level 1.3 Dodging
 + Level 2.9 Invocations


You had 2 spell levels left.
You didn't know any spells.

Dungeon Overview and Level Annotations

Branches:
Dungeon (2/15)

Altars:


Innate Abilities, Weirdness & Mutations

You have a pair of antennae on your head.


Message History

The adder bites you.
* * * LOW HITPOINT WARNING * * *
You barely miss the adder.
* * * LOW HITPOINT WARNING * * *
You feel sick. The adder bites you but does no damage.
Unknown command.
You closely miss the adder. The adder bites you but does no damage.
The adder closely misses you.
Unknown command.
You closely miss the adder. The adder bites you but does no damage.
The adder barely misses you.
Unknown command.
You barely miss the adder.
* * * LOW HITPOINT WARNING * * *
You feel sick. The adder barely misses you.
Unknown command.
You hit the adder.
The adder is moderately wounded.
The adder bites you.
You die...

#.# ...#.# ##
#.##.# .. #.##.# ##
#.##.# #.##.#
#.##.#
####.##.##.###.####
.
.......@...........
#
...#.##S##.##..####
#K##.# .# #.##.# #
...#+# #.. ... ##..


You could see an adder and a kobold.

Vanquished Creatures
  An adder (D:2)
  A bat (D:1)
  3 goblins
  2 hobgoblins (D:1)
  5 kobolds (D:1)
  A giant cockroach (D:1)
  2 jackals (D:1)
  4 rats (D:1)
19 creatures vanquished.

Vanquished Creatures (others)
  6 starspawn tentacles (Abyss:1)
  A starspawn tentacle segment (Abyss:1)
7 creatures vanquished.

Grand Total: 26 creatures vanquished

Notes
Turn   | Place    | Note
--------------------------------------------------------------
     0 | Abyss:1  | Gargoyl the Demonspawn Abyssal Knight began the quest for the Orb.
     0 | Abyss:1  | Reached XP level 1. HP: 18/18 MP: 2/2
    24 | Abyss:1  | Found a corrupted altar of Lugonu.
    62 | Abyss:1  | Found a corrupted altar of Lugonu.
   206 | Abyss:1  | Noticed a tentacled starspawn
   226 | Abyss:1  | Noticed a small abomination
   242 | Abyss:1  | Noticed a rust devil
   243 | Abyss:1  | Noticed a large abomination
   244 | D:1      | Escaped the Abyss
   478 | D:1      | Gained mutation: You have a pair of small antennae on your head. [demonic ancestry]
   478 | D:1      | Reached XP level 2. HP: 20/24 MP: 4/4
   692 | D:1      | Reached * piety under Lugonu
   692 | D:1      | Reached skill level 1 in Dodging
  1070 | D:2      | Gained mutation: You have a pair of antennae on your head. [demonic ancestry]
  1070 | D:2      | Reached XP level 3. HP: 6/29 MP: 5/5
  1074 | D:2      | HP: 1/29 [poisoned by an adder]
  1075 | D:2      | Slain by an adder

Action                   || total
-------------------------++-------
Melee: Hand axe          ||    73
Invok: Depart the Abyss  ||     1
  Use: Potion            ||     1
